[Event "Titled Tuesday Blitz April 18 Early 2023"]
[White "Valle Maytin, Luis Enrique"]
[Black "Torres Dominguez, David"]
[WhiteFideId "3503666"]
[BlackFideId "2220857"]
[WhiteElo "2225"]
[BlackElo "1999"]
[Result "1/2-1/2"]
[Round "03"]
[TimeControl "180+2"]
[Date "2023.04.18"]
[WhiteClock "0:00:10"]
[BlackClock "0:00:03"]

1. d4 e5 2. Nf3 e4 3. Nfd2 d5 4. e3 c6 5. c4 Nf6 6. Nc3 Be7 7. Qb3 O-O 8. Be2 Na6 9. a3 Nc7 10. Qc2 a6 11. b4 Bg4 12. Bb2 Bxe2 13. Nxe2 Ne6 14. Rc1 Rc8 15. h4 Qd7 16. g3 Ng4 17. Nf1 f5 18. Nh2 Nh6 19. O-O Nf7 20. Nf4 Nxf4 21. exf4 h6 22. Qb3 g5 23. hxg5 hxg5 24. fxg5 Nxg5 25. cxd5 cxd5 26. Rxc8 Rxc8 27. Rc1 Rf8 28. Rc2 Ne6 29. Nf1 f4 30. gxf4 Nxf4 31. Qg3+ Kh7 32. Qh2+ Kg6 33. Bc1 Nh3+ 34. Kg2 Qg4+ 35. Qg3 Qxg3+ 36. fxg3 Ng5 37. Bf4 Bf6 38. Ne3 Rd8 39. Rc7 Ne6 40. Rxb7 Nxd4 41. Rb6 Kg7 42. Ng4 Be7 43. Rxa6 Nf5 44. Ra7 d4 45. Be5+ Kg6 46. b5 d3 47. Nf2 e3 48. Nxd3 Rxd3 49. b6 e2 50. Kf2 e1=Q+ 51. Kxe1 Re3+ 52. Kf2 Rxe5 53. b7 Bd6 54. Ra6 Kf7 55. Rxd6 Rb5 56. Rd7+ Kf6 57. Rc7 Nd6 58. a4 Rxb7 59. Rc6 Ke7 60. g4 Ra7 61. Rb6 Rxa4 62. g5 Ra2+ 63. Kg3 Ra5 64. Kg4 Ne4 65. g6 Rg5+ 66. Kf4 Rxg6 67. Rxg6 Nd6 68. Ke5 Nf7+ 69. Kf5 Nd6+ 70. Kg5 Nf7+ 71. Kh5 Ne5 72. Rg7+ Kf6 73. Rb7 Nd3 74. Ra7 Nf4+ 75. Kg4 Nd3 76. Ra6+ Ke5 77. Kf3 Ne1+ 78. Ke2 Nc2 79. Rc6 Nd4+ 80. Kd3 Nxc6 1/2-1/2


[Site "https://www.chess.com"]

[Event "Titled Tuesday Blitz April 18 Early 2023"]
[White "Kula, Robert"]
[Black "Maranhao,Jose Renato Ruiz"]
[WhiteFideId "1101218"]
[BlackFideId "2135175"]
[WhiteElo "2180"]
[BlackElo "1970"]
[Result "1-0"]
[Round "03"]
[TimeControl "180+2"]
[Date "2023.04.18"]
[WhiteClock "0:01:14"]
[BlackClock "0:00:01"]

1. d4 e6 2. c4 Nf6 3. Nc3 Bb4 4. e3 b6 5. Nf3 Bxc3+ 6. bxc3 O-O 7. a4 a5 8. Rb1 Ba6 9. Be2 Ne4 10. Qc2 f5 11. O-O d6 12. Ba3 Nd7 13. Bd3 Ndf6 14. Nd2 Nxd2 15. Qxd2 Qd7 16. Qc2 Qc6 17. Qb3 Ne4 18. Rfd1 Rf6 19. f3 Ng5 20. Kf2 Raf8 21. h4 Ne4+ 22. Kg1 Ng3 23. Kf2 Nh5 24. g3 Rg6 25. Rg1 Bb7 26. Be2 e5 27. Qb5 Qxb5 28. axb5 f4 29. gxf4 Rxg1 30. Rxg1 exf4 31. e4 Bc8 32. c5 dxc5 33. dxc5 Ng3 34. cxb6 Rd8 35. Bc4+ Kh8 36. bxc7 Rd2+ 37. Ke1 1-0


[Site "https://www.chess.com"]

[Event "Titled Tuesday Blitz April 18 Early 2023"]
[White "Osiecki, Stanislaw"]
[Black "Dwilewicz, Katarzyna"]
[WhiteFideId "1102990"]
[BlackFideId "1148486"]
[WhiteElo "2088"]
[BlackElo "2065"]
[Result "0-1"]
[Round "03"]
[TimeControl "180+2"]
[Date "2023.04.18"]
[WhiteClock "0:00:01"]
[BlackClock "0:00:03"]

1. e4 c5 2. c3 d5 3. e5 d4 4. Bc4 Nc6 5. Nf3 Nh6 6. d3 Bg4 7. Bxh6 gxh6 8. Qb3 e6 9. Qxb7 Rc8 10. Bb5 Qc7 11. Bxc6+ Qxc6 12. Qxc6+ Rxc6 13. Nbd2 dxc3 14. bxc3 Bg7 15. O-O Ke7 16. Rab1 Rc7 17. d4 Rd8 18. Rb3 Bf5 19. h3 Bc2 20. Ra3 Bd3 21. Re1 Rb8 22. dxc5 Rb2 23. Nb3 Bc4 24. Nfd4 h5 25. Ra4 Bd5 26. Re2 Rb1+ 27. Kh2 Kd7 28. Nb5 Rb7 29. Nd6 Bxb3 30. axb3 R7xb3 31. Rxa7+ Kc6 32. Rxf7 Bh6 33. Rxh7 Bc1 34. Rxh5 Kxc5 35. Ne4+ Kd5 36. Nf6+ Kc6 37. c4 Bb2 38. g3 Bd4 39. Kg2 Rc1 40. Rh4 Bc5 41. Ne4 Bb6 42. c5 Bc7 43. g4 Bxe5 44. Rh5 Bd4 45. Rh6 Kd5 46. Rh5+ Kc6 47. Rh6 Kd5 48. Rh5+ e5 49. g5 Rbb1 50. g6 Rg1+ 51. Kf3 Rb3+ 52. Re3 Bxe3 53. fxe3 Rxg6 54. Ng5 Rg7 0-1


[Site "https://www.chess.com"]

[Event "Titled Tuesday Blitz April 18 Early 2023"]
[White "guillan"]
[Black "mohsengabr2002"]
[WhiteElo "2029"]
[BlackElo "2360"]
[Result "0-1"]
[Round "03"]
[TimeControl "180+2"]
[Date "2023.04.18"]
[WhiteClock "0:00:30"]
[BlackClock "0:01:51"]

1. d4 f6 2. c4 g6 3. Nc3 e6 4. e4 Nh6 5. f3 Bg7 6. Be3 Nf7 7. Qd2 d6 8. Bd3 c6 9. Nge2 a6 10. O-O b5 11. cxb5 axb5 12. Rfd1 O-O 13. a3 Na6 14. d5 exd5 15. exd5 c5 16. Bxb5 Nc7 17. Bc4 Re8 18. Bf2 Ne5 19. b3 Nxc4 20. bxc4 Ba6 21. Qd3 Re7 22. Bg3 f5 23. Rab1 Qe8 24. Nf4 Re3 25. Qd2 Bxc3 26. Qc2 Bd4 27. Kh1 Rc3 28. Qd2 Bxc4 29. Rb7 Qc8 30. Rdb1 Rcxa3 31. Nxg6 hxg6 32. Bxd6 Qxb7 33. Re1 Ra1 0-1


[Site "https://www.chess.com"]

[Event "Titled Tuesday Blitz April 18 Early 2023"]
[White "Pavlidou, Ekaterini"]
[Black "AKINSEYE, Akinleye"]
[WhiteFideId "4213262"]
[BlackFideId "8504458"]
[WhiteElo "2126"]
[BlackElo "1906"]
[Result "1-0"]
[Round "03"]
[TimeControl "180+2"]
[Date "2023.04.18"]
[WhiteClock "0:02:28"]
[BlackClock "0:01:28"]

1. d4 d5 2. c4 e5 3. dxe5 d4 4. Nf3 Nc6 5. Nbd2 Bb4 6. a3 Bxd2+ 7. Bxd2 Nge7 8. g3 Ng6 9. Bg5 Qd7 10. h4 Ngxe5 11. Bh3 Nxf3+ 12. exf3 Qd6 13. Bf4 Qe7+ 14. Kf1 Bxh3+ 15. Rxh3 O-O 16. Kg2 Rad8 17. b4 a6 18. Qd3 Ne5 19. Qe4 Ng6 20. Qxe7 Nxe7 21. Bxc7 Rd7 22. Bf4 Rc8 23. c5 d3 24. Bd2 Nc6 25. Rhh1 Ne5 26. Rac1 f5 27. Rhe1 Re8 28. f4 Kf7 29. fxe5 Re6 30. f4 Rd4 31. Re3 g6 32. Rc3 1-0


[Site "https://www.chess.com"]

[Event "Titled Tuesday Blitz April 18 Early 2023"]
[White "Fuzesabonyilaci"]
[Black "Sanchez, Robert"]
[BlackFideId "2034360"]
[WhiteElo "2332"]
[BlackElo "1958"]
[Result "0-1"]
[Round "03"]
[TimeControl "180+2"]
[Date "2023.04.18"]
[WhiteClock "0:01:10"]
[BlackClock "0:02:00"]

1. e4 e6 2. d4 d5 3. e5 Qd7 4. Nf3 b6 5. c3 Ba6 6. Bxa6 Nxa6 7. O-O c5 8. Re1 Ne7 9. Nbd2 Nf5 10. g4 Nh6 11. h3 Be7 12. Nf1 Ng8 13. Ng3 g6 14. Bg5 h6 15. Bxe7 Nxe7 16. Qd3 c4 17. Qd2 h5 18. Qg5 O-O-O 19. Kg2 Rdg8 20. Qf6 Nc7 21. Ng5 Rf8 22. Nxf7 Ne8 23. Nxh8 Nxf6 24. exf6 Rxf6 0-1


[Site "https://www.chess.com"]

[Event "Titled Tuesday Blitz April 18 Early 2023"]
[White "Vargas, Mauricio"]
[Black "Derichs, Roger"]
[WhiteFideId "4404572"]
[BlackFideId "4630076"]
[WhiteElo "1998"]
[BlackElo "2332"]
[Result "0-1"]
[Round "03"]
[TimeControl "180+2"]
[Date "2023.04.18"]
[WhiteClock "0:00:03"]
[BlackClock "0:01:13"]

1. e4 e6 2. f4 d5 3. e5 c5 4. Nf3 Nc6 5. Bb5 Bd7 6. Bxc6 Bxc6 7. O-O Ne7 8. d3 Nf5 9. Qe1 h5 10. c3 d4 11. c4 Be7 12. Na3 a6 13. Nc2 Qc7 14. Nd2 b5 15. b3 Qb7 16. Ne4 h4 17. h3 O-O 18. Bd2 Rab8 19. Qe2 bxc4 20. dxc4 Bxe4 21. Ne1 Ng3 22. Qg4 Nxf1 23. Kxf1 d3 24. f5 Bxf5 25. Qf4 Qe4 26. Nf3 Qxf4 27. Bxf4 a5 28. Rd1 a4 29. bxa4 Rb4 30. Bg5 Bxg5 31. Nxg5 Rxa4 32. Rd2 Rfa8 33. Nf3 Rxa2 34. Rxa2 Rxa2 35. Nxh4 Be4 36. Nf3 Bxf3 37. gxf3 Re2 38. f4 f6 39. exf6 gxf6 40. h4 f5 41. h5 Re4 42. Kf2 d2 43. h6 d1=Q 44. h7+ Kxh7 45. Kg3 Qg4+ 46. Kf2 Re2+ 47. Kf1 Qg2# 0-1


[Site "https://www.chess.com"]

[Event "Titled Tuesday Blitz April 18 Early 2023"]
[White "Semenova, Alina"]
[Black "Mushini Ajay"]
[WhiteFideId "24113875"]
[BlackFideId "35066188"]
[WhiteElo "1833"]
[BlackElo "2145"]
[Result "0-1"]
[Round "03"]
[TimeControl "180+2"]
[Date "2023.04.18"]
[WhiteClock "0:00:04"]
[BlackClock "0:00:20"]

1. e4 Nf6 2. e5 Nd5 3. c4 Nb6 4. Nc3 d6 5. f4 Nc6 6. Nf3 Bg4 7. d4 dxe5 8. fxe5 Bxf3 9. gxf3 Qxd4 10. Qxd4 Nxd4 11. Bd3 Nxf3+ 12. Kf2 Nxe5 13. Be4 c6 14. c5 Nbd7 15. b4 Nf6 16. Bg2 Nd3+ 17. Kg3 Nxc1 18. Raxc1 e6 19. b5 Nd5 20. bxc6 bxc6 21. Ne4 f5 22. Ng5 Kd7 23. Rhd1 Be7 24. Nf7 Rhb8 25. Ne5+ Kc7 26. Kf2 Rb2+ 27. Kf3 Rxa2 28. Rb1 Bxc5 29. Nd3 Bd6 30. Rb3 a5 31. Rdb1 Nb4 32. Nc1 Rxg2 33. Kxg2 e5 34. Kf3 e4+ 35. Ke3 c5 36. h4 c4 37. R3b2 Kc6 38. Ne2 Kc5 39. Nd4 Nd5+ 40. Kf2 Kxd4 41. Rd2+ Ke5 42. Rbd1 e3+ 43. Kf3 exd2 44. Rxd2 c3 45. Re2+ Kd4 46. h5 Nb4 47. h6 gxh6 48. Re6 Bc5 49. Rxh6 c2 50. Rh1 Nd3 51. Rh4+ Kc3 52. Ke2 c1=Q 53. Rh1 Qe3+ 54. Kf1 Qe2+ 55. Kxe2 Re8+ 56. Kf3 a4 57. Ra1 a3 58. Kg3 Re2 59. Kf3 Rc2 60. Kg3 a2 61. Kf3 Kb2 62. Rh1 Nc1 63. Rxh7 a1=Q 64. Rb7+ Kc3 65. Rc7 Qa8+ 66. Kf4 Qe4+ 67. Kg5 Rg2+ 68. Kh6 Qh4# 0-1


[Site "https://www.chess.com"]

[Event "Titled Tuesday Blitz April 18 Early 2023"]
[White "Zhigalko_Sergei"]
[Black "Nakamura, Hikaru"]
[BlackFideId "2016192"]
[WhiteElo "2928"]
[BlackElo "2885"]
[Result "0-1"]
[Round "04"]
[TimeControl "180+2"]
[Date "2023.04.18"]
[WhiteClock "0:00:03"]
[BlackClock "0:00:15"]

1. e4 e5 2. Nf3 Nc6 3. Bc4 Nf6 4. d3 Bc5 5. O-O d6 6. Nbd2 a6 7. c3 O-O 8. Bb3 h6 9. Re1 Re8 10. Nf1 Be6 11. Ng3 d5 12. exd5 Bxd5 13. Be3 Bf8 14. d4 exd4 15. Nxd4 Na5 16. Bc2 Nc4 17. Bc1 c5 18. Ndf5 Ne5 19. Bf4 Ng6 20. Be3 Qc7 21. Nh5 Nxh5 22. Qxh5 Be4 23. Bxe4 Rxe4 24. Rad1 Rae8 25. Qf3 Qc6 26. h3 R8e5 27. Ng3 Nh4 28. Qe2 Nxg2 29. Nxe4 Nxe1 30. Nf6+ Qxf6 31. Rxe1 Qe6 32. Qg4 Qxa2 33. Rd1 Re6 34. Kh1 Qxb2 35. Rd8 Qxc3 36. Qf5 Qe1+ 37. Kg2 b6 38. h4 Rg6+ 39. Bg5 hxg5 40. h5 Re6 41. h6 gxh6 42. Rd7 Qe4+ 43. Qxe4 Rxe4 44. Re7 Rxe7 0-1


[Site "https://www.chess.com"]

[Event "Titled Tuesday Blitz April 18 Early 2023"]
[White "Caruana, Fabiano"]
[Black "Chigaev, Maksim"]
[WhiteFideId "2020009"]
[BlackFideId "4108116"]
[WhiteElo "2837"]
[BlackElo "2547"]
[Result "1-0"]
[Round "04"]
[TimeControl "180+2"]
[Date "2023.04.18"]
[WhiteClock "0:00:07"]
[BlackClock "0:00:03"]

1. c4 g6 2. Nc3 Bg7 3. g3 d6 4. Bg2 Nf6 5. d4 O-O 6. Nf3 Nbd7 7. O-O e5 8. Qc2 Re8 9. Rd1 exd4 10. Nxd4 a6 11. h3 Rb8 12. b3 h6 13. e4 c5 14. Nde2 b5 15. cxb5 axb5 16. Bf4 b4 17. Na4 Ne5 18. Rd2 Bxh3 19. Rad1 Bxg2 20. Kxg2 Qe7 21. Rxd6 g5 22. Bc1 Rbc8 23. Nb6 Rc6 24. Nc4 Nfg4 25. Rxc6 Nxc6 26. f3 Nge5 27. Nd6 Rd8 28. Nf5 Qa7 29. Rxd8+ Nxd8 30. Bb2 f6 31. Bxe5 fxe5 32. Nc1 Kh7 33. Nd3 Ne6 34. Nf2 Nd4 35. Nxd4 cxd4 36. Nd3 Qa5 37. Qe2 Qb5 38. Qc2 Qa5 39. Qd2 Bf8 40. Kf2 Kg6 41. Qc2 Qa6 42. Nxe5+ Kg7 43. Nd3 Bd6 44. f4 gxf4 45. gxf4 Qb7 46. Kf3 Qd7 47. Qg2+ Kh7 48. Qg4 Qc6 49. Qf5+ Kg7 50. Qg4+ Kh7 51. Qe6 Qc3 52. Qf5+ Kg7 53. e5 Qc6+ 54. Qe4 Qc2 55. exd6 Qd1+ 56. Qe2 Qh1+ 57. Kg3 Qg1+ 58. Qg2 Qe3+ 59. Kh2+ Kf6 60. Qg3 Qe2+ 61. Kh3 Qf1+ 62. Kh2 Qe2+ 63. Kg1 Qd1+ 64. Kg2 Qe2+ 65. Nf2 Ke6 66. f5+ Kd7 67. f6 Qe6 68. Qg7+ Kxd6 69. f7 Qd5+ 70. Kg3 1-0


[Site "https://www.chess.com"]

[Event "Titled Tuesday Blitz April 18 Early 2023"]
[White "Kovalenko, Igor"]
[Black "So, Wesley"]
[WhiteFideId "14117908"]
[BlackFideId "5202213"]
[WhiteElo "2574"]
[BlackElo "2749"]
[Result "1/2-1/2"]
[Round "04"]
[TimeControl "180+2"]
[Date "2023.04.18"]
[WhiteClock "0:00:47"]
[BlackClock "0:00:19"]

1. d4 d5 2. Nf3 e6 3. Bf4 Bd6 4. e3 Bxf4 5. exf4 Ne7 6. Bd3 b6 7. Qe2 a5 8. Ne5 O-O 9. Kf1 c5 10. c3 Nbc6 11. Qe3 cxd4 12. cxd4 Nb4 13. Kg1 Ba6 14. Bxa6 Rxa6 15. Qd2 f6 16. Nf3 Qd6 17. Nc3 Raa8 18. g3 Rae8 19. Re1 Ng6 20. a3 Nc6 21. h4 h5 22. Qd3 Nge7 23. Kg2 Nf5 24. Re2 g6 25. Rhe1 Re7 26. Nd1 Rfe8 27. Ne3 Kf7 28. Nxf5 exf5 29. Rxe7+ Rxe7 30. Rxe7+ Nxe7 31. Nd2 Qe6 32. Kf1 Qc6 33. Ke2 Nc8 34. Nf1 Nd6 35. Ne3 b5 36. Qd2 Nc4 37. Nxc4 Qxc4+ 38. Ke3 b4 39. axb4 axb4 40. Qe2 Ke6 41. Qd1 Kd6 42. b3 Qc3+ 43. Ke2 Qb2+ 44. Kf3 Qc3+ 45. Kg2 Kd7 46. Kg1 Ke7 47. Kg2 Kf7 48. Kg1 Kg7 49. Kg2 Kh6 50. Kg1 Kg7 51. Kg2 Kh6 52. Kh3 Kg7 53. Kg2 1/2-1/2


[Site "https://www.chess.com"]

[Event "Titled Tuesday Blitz April 18 Early 2023"]
[White "Mitrabha, Guha"]
[Black "Le, Tuan Minh"]
[WhiteFideId "5057000"]
[BlackFideId "12401153"]
[WhiteElo "2507"]
[BlackElo "2566"]
[Result "0-1"]
[Round "04"]
[TimeControl "180+2"]
[Date "2023.04.18"]
[WhiteClock "0:00:22"]
[BlackClock "0:00:10"]

1. d4 d5 2. c4 c6 3. cxd5 cxd5 4. Nc3 Nf6 5. Bf4 Nc6 6. Nf3 a6 7. Rc1 Bf5 8. e3 Rc8 9. Be2 e6 10. O-O Bd6 11. Bg5 O-O 12. Na4 h6 13. Bh4 g5 14. Bg3 Bxg3 15. hxg3 Ne4 16. Nd2 Nd6 17. Nc5 Kg7 18. a3 Qe7 19. b4 Bg6 20. g4 a5 21. b5 Nb8 22. b6 Nd7 23. Qb3 Rc6 24. Nxd7 Qxd7 25. Nf3 Rxc1 26. Rxc1 Rc8 27. Rc5 f6 28. Nd2 a4 29. Qc3 Be8 30. Qa5 Qd8 31. Bd3 Rc6 32. Rxc6 Bxc6 33. Nb1 Nc8 34. Qa8 Qd7 35. Nc3 Nxb6 36. Qb8 Nc8 37. Ne2 Nd6 38. Ng3 Ne8 39. Nh5+ Kf7 40. Qa8 Qe7 41. Qa5 Qxa3 42. Bb5 Bxb5 43. Qxb5 Qc1+ 44. Kh2 Qc6 45. Qa5 a3 46. g3 Qa6 47. Qc3 a2 48. Qc2 Ke7 49. Qh7+ Kd8 0-1


[Site "https://www.chess.com"]

[Event "Titled Tuesday Blitz April 18 Early 2023"]
[White "Andreikin, Dmitry"]
[Black "Pichot, Alan"]
[WhiteFideId "4158814"]
[BlackFideId "110973"]
[WhiteElo "2736"]
[BlackElo "2573"]
[Result "1-0"]
[Round "04"]
[TimeControl "180+2"]
[Date "2023.04.18"]
[WhiteClock "0:00:09"]
[BlackClock "0:00:02"]

1. Nf3 Nf6 2. c4 e6 3. g3 d5 4. Bg2 d4 5. O-O c5 6. e3 Nc6 7. exd4 cxd4 8. d3 h6 9. Re1 Nd7 10. Nbd2 Be7 11. Ne4 O-O 12. a3 a5 13. Rb1 e5 14. g4 Qc7 15. h3 a4 16. b4 axb3 17. Rxb3 Nd8 18. g5 h5 19. Ng3 g6 20. Nxd4 exd4 21. Rxe7 Ne6 22. Nxh5 gxh5 23. g6 Qe5 24. Bh6 Qf6 25. gxf7+ Rxf7 26. Re8+ Ndf8 27. Qxh5 Qxf2+ 28. Kh1 Nf4 29. Rxf8+ Rxf8 30. Qg5+ Kf7 31. Qg7+ Ke8 32. Qxf8+ Kd7 33. Qf7+ 1-0


[Site "https://www.chess.com"]

[Event "Titled Tuesday Blitz April 18 Early 2023"]
[White "Bachmann, Axel"]
[Black "Korobov, Anton"]
[WhiteFideId "3700488"]
[BlackFideId "14105730"]
[WhiteElo "2605"]
[BlackElo "2638"]
[Result "0-1"]
[Round "04"]
[TimeControl "180+2"]
[Date "2023.04.18"]
[WhiteClock "0:00:04"]
[BlackClock "0:00:04"]

1. e4 c5 2. Nc3 Nc6 3. g3 g6 4. d3 Bg7 5. Be3 d6 6. Qd2 b5 7. Nxb5 Rb8 8. c4 a6 9. Nc3 Qa5 10. Nge2 Bg4 11. Bg2 Bxe2 12. Kxe2 Nd4+ 13. Bxd4 Bxd4 14. Rhc1 Nf6 15. Nd1 Qc7 16. Rab1 h5 17. h3 h4 18. g4 Nd7 19. Ne3 e6 20. f4 O-O 21. Rf1 a5 22. b3 a4 23. Nc2 Bg7 24. bxa4 Nb6 25. Qa5 Qc6 26. Rb5 d5 27. Rfb1 dxc4 28. Rxb6 cxd3+ 29. Kxd3 Qd7+ 30. Ke2 Rbd8 31. Ne1 Qd4 32. Kf1 Qe3 33. R6b3 Qxf4+ 34. Rf3 Qxe4 35. Rc1 Bd4 36. Qb5 Rb8 37. Qe2 Qd5 38. Nd3 Qd6 39. Nf4 Rb2 40. Qe4 Qa6+ 41. Ne2 Rxa2 42. Qd3 Qb6 43. Nxd4 cxd4 44. Kg1 Qb2 45. Qf1 Rxa4 46. Rf2 Qb6 47. Rd1 d3 48. Kh1 Rd4 49. Rf3 d2 50. Qf2 Qd6 51. Qe2 Rc8 52. Qf2 Rc1 53. Qf1 Rxd1 54. Qxd1 Rc4 0-1


[Site "https://www.chess.com"]

[Event "Titled Tuesday Blitz April 18 Early 2023"]
[White "Lazavik, Denis"]
[Black "Bacrot, Etienne"]
[WhiteFideId "13515110"]
[BlackFideId "605506"]
[WhiteElo "2560"]
[BlackElo "2663"]
[Result "1-0"]
[Round "04"]
[TimeControl "180+2"]
[Date "2023.04.18"]
[WhiteClock "0:01:04"]
[BlackClock "0:00:04"]

1. d4 d5 2. c4 c6 3. Nf3 Nf6 4. Qc2 g6 5. cxd5 cxd5 6. Bf4 Nc6 7. Nc3 Bg7 8. e3 O-O 9. Be2 Bf5 10. Qb3 Na5 11. Qb4 Qb6 12. Qxb6 axb6 13. O-O Rfc8 14. Rac1 Nc4 15. b3 Na3 16. Ne5 b5 17. g4 b4 18. Na4 Rxc1 19. Rxc1 Bb1 20. Nb6 Rd8 21. Nd3 Bxa2 22. Bd1 Bb1 23. Nxb4 1-0


[Site "https://www.chess.com"]

[Event "Titled Tuesday Blitz April 18 Early 2023"]
[White "Movahed, Sina"]
[Black "Tang, Andrew"]
[WhiteFideId "42520835"]
[BlackFideId "2059630"]
[WhiteElo "2225"]
[BlackElo "2596"]
[Result "1-0"]
[Round "04"]
[TimeControl "180+2"]
[Date "2023.04.18"]
[WhiteClock "0:01:37"]
[BlackClock "0:00:02"]

1. e4 e5 2. Nf3 Nc6 3. Bb5 g6 4. O-O Bg7 5. c3 a6 6. Ba4 b5 7. Bb3 Na5 8. Bc2 Ne7 9. d4 exd4 10. cxd4 O-O 11. h3 d6 12. Nc3 Bb7 13. Bg5 h6 14. Bf4 g5 15. Bg3 f5 16. Re1 f4 17. Bh2 c5 18. d5 Nc4 19. e5 dxe5 20. b3 Na3 21. Be4 b4 22. d6 Nc6 23. Na4 Ra7 24. Nxc5 Ba8 25. Ne6 Qf6 26. Nxf8 Bxf8 27. Rc1 Nd8 28. Bxa8 Rxa8 29. d7 Nf7 30. Rc8 1-0


[Site "https://www.chess.com"]

[Event "Titled Tuesday Blitz April 18 Early 2023"]
[White "Ivanchuk, Vasyl"]
[Black "Kukhmazov, Arsen"]
[WhiteFideId "14100010"]
[BlackFideId "24108260"]
[WhiteElo "2710"]
[BlackElo "2396"]
[Result "1-0"]
[Round "04"]
[TimeControl "180+2"]
[Date "2023.04.18"]
[WhiteClock "0:00:49"]
[BlackClock "0:00:06"]

1. d4 d5 2. c4 c6 3. Nf3 Nf6 4. e3 Bg4 5. h3 Bh5 6. cxd5 cxd5 7. Qb3 Qc7 8. Nc3 Bxf3 9. gxf3 Nc6 10. Nxd5 Nxd5 11. Qxd5 e6 12. Qb3 Bb4+ 13. Kd1 Rc8 14. Bd3 O-O 15. a3 Bd6 16. Bd2 Qe7 17. Rc1 Rc7 18. h4 Qf6 19. Ke2 Rfc8 20. h5 h6 21. Rc2 a6 22. Rhc1 Qh4 23. d5 Nd8 24. Ba5 Rxc2+ 25. Rxc2 Rxc2+ 26. Qxc2 exd5 27. Qc8 Be7 28. Qd7 b5 29. Bxd8 Bxd8 30. Qe8# 1-0


[Site "https://www.chess.com"]

[Event "Titled Tuesday Blitz April 18 Early 2023"]
[White "Licznerski, Lukasz"]
[Black "Puranik, Abhimanyu"]
[WhiteFideId "1179250"]
[BlackFideId "5061245"]
[WhiteElo "2450"]
[BlackElo "2477"]
[Result "0-1"]
[Round "04"]
[TimeControl "180+2"]
[Date "2023.04.18"]
[WhiteClock "0:00:38"]
[BlackClock "0:01:27"]

1. e4 e6 2. d4 d5 3. Nd2 c5 4. Ngf3 cxd4 5. exd5 Qxd5 6. Bc4 Qd7 7. O-O Nc6 8. Nb3 Nf6 9. Nbxd4 Nxd4 10. Nxd4 a6 11. c3 Qc7 12. Bb3 Bd6 13. h3 Bd7 14. Qf3 O-O-O 15. Be3 Kb8 16. a4 e5 17. Nb5 axb5 18. axb5 Bxb5 19. Rfd1 Bc5 20. Bxf7 Rxd1+ 21. Rxd1 Bc6 22. Qg3 Bxe3 23. Qxg7 Bxf2+ 24. Kxf2 Ne4+ 25. Kg1 Rc8 26. Kh2 Nd6 27. Rf1 Bd5 0-1


[Site "https://www.chess.com"]

[Event "Titled Tuesday Blitz April 18 Early 2023"]
[White "Kramnik, Vladimir"]
[Black "Timofeev, Artyom"]
[WhiteFideId "4101588"]
[BlackFideId "4140419"]
[WhiteElo "2712"]
[BlackElo "2586"]
[Result "0-1"]
[Round "04"]
[TimeControl "180+2"]
[Date "2023.04.18"]
[WhiteClock "0:00:10"]
[BlackClock "0:01:17"]

1. e4 e5 2. Nf3 Nf6 3. Nxe5 d6 4. Nf3 Nxe4 5. d3 Nf6 6. d4 Be7 7. Bd3 O-O 8. O-O Bg4 9. h3 Bh5 10. Re1 Re8 11. c4 Nc6 12. g4 Bg6 13. Bxg6 hxg6 14. d5 Nb8 15. Nc3 Nbd7 16. Bf4 a5 17. Nd4 Nc5 18. Qf3 Nfd7 19. Ndb5 Rc8 20. Kg2 Bf6 21. Rxe8+ Qxe8 22. g5 Bxc3 23. Nxc3 Ne5 24. Bxe5 Qxe5 25. h4 a4 26. Rh1 Re8 27. Rh3 Qd4 28. h5 Re5 29. hxg6 Rxg5+ 30. Rg3 Rxg6 31. Rxg6 fxg6 32. Nb5 Qxc4 33. Nxc7 Nd3 34. Kg3 Ne5 35. Qc3 Qg4+ 0-1


[Site "https://www.chess.com"]

[Event "Titled Tuesday Blitz April 18 Early 2023"]
[White "Samsonkin, Artiom"]
[Black "Bortnyk, Olexandr"]
[WhiteFideId "13503111"]
[BlackFideId "14120828"]
[WhiteElo "2524"]
[BlackElo "2734"]
[Result "0-1"]
[Round "04"]
[TimeControl "180+2"]
[Date "2023.04.18"]
[WhiteClock "0:00:01"]
[BlackClock "0:00:55"]

1. e4 Nf6 2. Nc3 d5 3. e5 Nfd7 4. d4 c5 5. dxc5 e6 6. Nf3 Bxc5 7. Bd3 Nc6 8. Bf4 h6 9. h4 a6 10. Qe2 b5 11. O-O-O Nb6 12. Be3 Qe7 13. Bxc5 Qxc5 14. Kb1 b4 15. Ne4 dxe4 16. Bxe4 Bb7 17. Rd6 Nc4 18. Rd3 O-O 19. Rd7 Rab8 20. Rhd1 Ba8 21. Ka1 N6xe5 22. Nxe5 Nxe5 23. R7d4 Bxe4 24. Qxe4 a5 25. f4 Ng4 26. Qe2 h5 27. Rc4 Qe3 28. Qf1 Rfd8 29. Re1 Qf2 30. Qh1 Rd2 0-1


[Site "https://www.chess.com"]

[Event "Titled Tuesday Blitz April 18 Early 2023"]
[White "Smirnov, Pavel"]
[Black "Deac, Bogdan-Daniel"]
[WhiteFideId "4123425"]
[BlackFideId "1226380"]
[WhiteElo "2519"]
[BlackElo "2649"]
[Result "1/2-1/2"]
[Round "04"]
[TimeControl "180+2"]
[Date "2023.04.18"]
[WhiteClock "0:00:04"]
[BlackClock "0:00:05"]

1. d4 Nf6 2. c4 e6 3. g3 d5 4. Nf3 Be7 5. Bg2 O-O 6. Nc3 Nbd7 7. b3 dxc4 8. bxc4 c5 9. O-O cxd4 10. Qxd4 Nc5 11. Bf4 b6 12. Qxd8 Rxd8 13. Ne5 Bb7 14. Bxb7 Nxb7 15. Nc6 Rd7 16. Rfd1 Bd6 17. Nb5 Bxf4 18. gxf4 Kf8 19. Rxd7 Nxd7 20. Rd1 Ndc5 21. Nbxa7 g6 22. Rd2 Na5 23. Nxa5 Rxa7 24. Nc6 Ra4 25. Rc2 f6 26. f3 Ke8 27. Kf2 Kd7 28. Nd4 Ra3 29. Nb5 Ra4 30. h4 e5 31. fxe5 fxe5 32. Kg3 e4 33. f4 Ke7 34. Kg4 Kf6 35. Nc7 h5+ 36. Kg3 Ra3+ 37. Kg2 Kf5 38. Nd5 Ne6 39. e3 Rd3 40. Kf2 b5 41. a4 bxc4 42. Nb4 Rb3 43. Rxc4 Rb2+ 44. Kg3 Rb3 45. Nc2 Rb2 46. a5 Ra2 47. Rc6 Rxa5 48. Rd6 Ra4 49. Rd5+ Kf6 50. Re5 Ng7 51. Nd4 Nf5+ 52. Nxf5 gxf5 53. Rb5 Ra3 54. Rb6+ Ke7 55. Kf2 Ra2+ 56. Kf1 Rh2 57. Rh6 Rxh4 58. Kg2 Kf7 59. Kg3 Rh1 60. Kg2 Rh4 61. Kg3 Rh1 62. Kg2 Kg7 63. Rc6 Re1 64. Kf2 Rh1 65. Kg2 Rd1 66. Kf2 h4 67. Kg2 Rd3 68. Kf2 h3 69. Rc1 h2 70. Rh1 Rd2+ 71. Kg3 Re2 72. Rxh2 Rxe3+ 73. Kh4 Kg6 74. Ra2 Re1 75. Ra6+ Kf7 76. Kg5 e3 77. Kxf5 e2 78. Re6 Rb1 79. Rxe2 Rb5+ 80. Re5 Rb6 81. Ra5 Rf6+ 82. Kg5 Rg6+ 83. Kf5 Rf6+ 84. Ke4 Re6+ 85. Kf3 Rb6 86. Kg4 Rg6+ 1/2-1/2


[Site "https://www.chess.com"]

[Event "Titled Tuesday Blitz April 18 Early 2023"]
[White "Mahdavi, Reza"]
[Black "Paravyan, David"]
[WhiteFideId "12595926"]
[BlackFideId "4194985"]
[WhiteElo "2357"]
[BlackElo "2563"]
[Result "1-0"]
[Round "04"]
[TimeControl "180+2"]
[Date "2023.04.18"]
[WhiteClock "0:01:16"]
[BlackClock "0:00:01"]

1. Nf3 Nf6 2. g3 c5 3. Bg2 Nc6 4. c4 d5 5. d4 dxc4 6. O-O cxd4 7. Qa4 Be6 8. Nxd4 Qxd4 9. Bxc6+ Bd7 10. Rd1 Qxd1+ 11. Qxd1 Bxc6 12. Nd2 h5 13. h4 g5 14. hxg5 Ng4 15. Nxc4 Rd8 16. Qc2 h4 17. gxh4 Rxh4 18. f3 Rd4 19. Na5 Ne5 20. Be3 Rdg4+ 21. fxg4 Rh1+ 22. Kf2 Nxg4+ 23. Kg3 Nxe3 24. Qd3 Rxa1 25. Qxe3 Rxa2 26. Qxa7 e6 27. Qa8+ Ke7 28. Nxc6+ 1-0


[Site "https://www.chess.com"]